 Dungeon Crawl Stone Soup version 0.31.0-9-g3a7656b989 (webtiles) character file.

Game seed: 15121911120920789779

352 qw the Skirmisher (level 6, -1/35 HPs)
             Began as a Deep Elf Hunter on Feb 2, 2024.
             Slain by a gnoll
             ... wielding a +0 spear
              (4 damage)
             ... on level 2 of the Dungeon.
             The game lasted 00:00:08 (982 turns).

qw the Skirmisher (Deep Elf Hunter)                  Turns: 982, Time: 00:00:08

Health: -1/35      AC:  7    Str: 10    XL:     6   Next: 34%
Magic:  8/8        EV: 11    Int: 14    God:
Gold:   64         SH:  0    Dex: 18    Spells: 5/5 levels left

rFire   . . .        a - +0 shortbow
rCold   . . .        (shield currently unavailable)
rNeg    . . .        f - +0 ring mail
rPois   .            (no helmet)
rElec   .            (no cloak)
rCorr   .            (no gloves)
SInv    .            g - +1 pair of boots
Will    .....        (no amulet)
Stlth   +            (no ring)
HPRegen 0.25/turn    (no ring)
MPRegen 0.11/turn

%: no passive effects
@: no status effects
A: no striking features
a: no special abilities


You were on level 2 of the Dungeon.
You visited 1 branch of the dungeon, and saw 4 of its levels.

You collected 64 gold pieces.


   Skills:
 - Level 2.0 Fighting
 + Level 9.9 Ranged Weapons
 - Level 2.4 Dodging
 - Level 1.2 Stealth


You had 5 spell levels left.
You didn't know any spells.
Your spell library was empty.

Inventory:

Hand Weapons
 a - a +0 shortbow (weapon)
Armour
 f - a +0 ring mail (worn)
 g - a +1 pair of boots (worn)
Scrolls
 c - a scroll of noise {unknown}
Potions
 b - a potion of degeneration {unknown}

Dungeon Overview and Level Annotations

Branches:
Dungeon (4/15)
 Temple: D:4-7

Altars:

Shops:
D:1 *   D:3 [


Message History

The arrow closely misses the giant cockroach.
The quokka bites you but does no damage.
The giant cockroach barely misses you. The gnoll misses you.
The quokka bites you but does no damage.
You shoot an arrow.
The arrow hits the giant cockroach but does no damage.
The giant cockroach is severely wounded.
The giant cockroach waves its antennae.
The giant cockroach misses you. The quokka misses you.
The gnoll closely misses you.
The giant cockroach bites you but does no damage.
You shoot an arrow. The arrow hits the giant cockroach.
You kill the giant cockroach!
The quokka completely misses you.
The gnoll hits you from afar with a +0 spear.
You shoot an arrow. The arrow misses the quokka.
The quokka bites you but does no damage.
The gnoll hits you but does no damage.
You shoot an arrow. The arrow closely misses the quokka.
The quokka bites you. The gnoll closely misses you.
The quokka closely misses you.
You shoot an arrow. The arrow hits the quokka.
The quokka is moderately wounded.
The gnoll hits you but does no damage. The quokka barely misses you.
You shoot an arrow.
The arrow hits the quokka but does no damage.
The quokka is moderately wounded.
The quokka closely misses you. The gnoll barely misses you.
You shoot an arrow. The arrow misses the quokka.
The quokka barely misses you. The gnoll closely misses you.
You shoot an arrow. The arrow barely misses the quokka.
The quokka bites you. The gnoll closely misses you.
You shoot an arrow. The arrow hits the quokka.
The quokka is severely wounded.
The quokka misses you. The gnoll hits you but does no damage.
The quokka bites you.
You shoot an arrow. The arrow hits the quokka.
The quokka is almost dead.
The gnoll hits you from afar with a +0 spear.
You die...

.. #...#..#######
..#.......... #
..).........####....
.......!....<.......
............####..#.
.......%..### #.
#ggr)#..####...
.##@..........
#.#........#. #.##
#.##........# ##.#.
#..#......#.. #....##
##.#.......# .......
##.......#
.......####..#.....##..
.......................
...)..............#####


You could see 2 gnolls and a quokka.

Vanquished Creatures
  Grinder (D:3)
  A hound (D:3)
  5 gnolls
  2 adders (D:2)
  3 dart slugs
  6 orcs
  4 bats
  5 endoplasms (D:1)
  2 giant cockroaches
  6 hobgoblins
  2 quokkas
  3 ball pythons (D:1)
  2 frilled lizards
  3 goblins
  3 kobolds
48 creatures vanquished.

Notes
Turn   | Place    | Note
-------+----------+-------------------------------------------
     0 | D:1      | qw the Deep Elf Hunter began the quest for the Orb.
     0 | D:1      | Reached XP level 1. HP: 12/12 MP: 3/3
     0 | D:1      | 0 ||| qw: Version: 0.3-a-155-g5e7d8dd
     0 | D:1      | 0 ||| qw: Game counter: 2053
     0 | D:1      | 0 ||| qw: Melee chars always use a shield: true
     0 | D:1      | 0 ||| qw: God list: Okawaru
     0 | D:1      | 0 ||| qw: Allow faded altars: false
     0 | D:1      | 0 ||| qw: Do Orc after clearing Dungeon:15 true
     0 | D:1      | 0 ||| qw: Do second Lair branch before Depths: true
     0 | D:1      | 0 ||| qw: Lair rune preference: random
     0 | D:1      | 0 ||| qw: Goals: Normal
     0 | D:1      | 0 ||| PLANNING D:1-11
    94 | D:1      | Noticed a shining eye
   105 | D:1      | Found a faded altar of an unknown god.
   105 | D:1      | Noticed a shining eye
   116 | D:1      | Noticed a great orb of eyes
   120 | D:1      | Noticed an eye of devastation
   122 | D:1      | Found Viucuhor's Assorted Antiques.
   136 | D:1      | 136 ||| SHOPLISTING 2 green potions (32 gold, have 0).
   136 | D:1      | 136 ||| SHOPLISTING coppery potion (16 gold, have 0).
   136 | D:1      | 136 ||| SHOPLISTING green potion (16 gold, have 0).
   136 | D:1      | 136 ||| SHOPLISTING grey potion (16 gold, have 0).
   136 | D:1      | 136 ||| SHOPLISTING scale mail (72 gold, have 0).
   136 | D:1      | 136 ||| SHOPLISTING scroll labelled JOGE LEAROUSI (18 gold,
                  | have 0).
   136 | D:1      | 136 ||| SHOPLISTING twisted coral ring (90 gold, have 0).
   136 | D:1      | 136 ||| SHOPLISTING yellow potion (16 gold, have 0).
   162 | D:1      | Reached skill level 6 in Ranged Weapons
   162 | D:1      | Reached XP level 2. HP: 16/16 MP: 4/4
   523 | D:1      | Reached XP level 3. HP: 20/20 MP: 5/5
   553 | D:1      | 553 ||| UPGRADING to +0 ring mail.
   563 | D:1      | 563 ||| DROPPING +0 leather armour.
   564 | D:1      | 564 ||| UPGRADING to +0 pair of boots.
   569 | D:1      | 569 ||| READING 2 scrolls labelled JOGE LEAROUSI.
   570 | D:1      | 570 ||| READING scroll labelled YNNESHR REINWUK.
   570 | D:1      | 570 ||| ENCHANTING +0 pair of boots.
   571 | D:1      | 571 ||| READING scroll labelled XYONUA HYITHRE.
   571 | D:1      | 571 ||| IDENTIFYING grey potion
   572 | D:1      | 572 ||| DROPPING scroll of butterflies.
   573 | D:1      | 573 ||| DROPPING scroll of amnesia.
   574 | D:1      | 574 ||| DROPPING potion of attraction.
   591 | D:2      | You fall into a shaft and drop 2 floors!
   597 | D:3      | Found Netihu's Armour Shoppe.
   598 | D:3      | 598 ||| RETREEEEATING.
   599 | D:3      | 599 ||| RETREEEEATING.
   600 | D:3      | 600 ||| RETREEEEATING.
   601 | D:3      | 601 ||| RETREEEEATING.
   602 | D:3      | 602 ||| RETREEEEATING.
   603 | D:3      | 603 ||| RETREEEEATING.
   605 | D:3      | 605 ||| RETREEEEATING.
   606 | D:3      | 606 ||| RETREEEEATING.
   607 | D:3      | 607 ||| RETREEEEATING.
   608 | D:3      | 608 ||| RETREEEEATING.
   609 | D:3      | 609 ||| RETREEEEATING.
   610 | D:3      | 610 ||| RETREEEEATING.
   611 | D:3      | 611 ||| RETREEEEATING.
   630 | D:3      | Reached skill level 7 in Ranged Weapons
   639 | D:3      | Reached XP level 4. HP: 19/25 MP: 6/6
   676 | D:3      | 676 ||| SHOPLISTING +0 cloak (49 gold, have 42).
   676 | D:3      | 676 ||| SHOPLISTING +2 leather armour of cold resistance
                  | (209 gold, have 42).
   688 | D:3      | Noticed Grinder
   696 | D:3      | Paralysed by Grinder for 4 turns
   714 | D:3      | HP: 3/25 [Grinder (5)]
   716 | D:3      | HP: 1/25 [Grinder (2)]
   718 | D:3      | Killed Grinder
   719 | D:3      | Reached skill level 9 in Ranged Weapons
   719 | D:3      | Reached XP level 5. HP: 2/29 MP: 7/7
   719 | D:3      | Reached XP level 6. HP: 3/34 MP: 8/8
   974 | D:2      | HP: 8/35 [gnoll/+0 spear (2)]
   980 | D:2      | HP: 3/35 [quokka (3)]
   982 | D:2      | Slain by a gnoll

Levels and vault maps discovered:
D:1:      ldierk_walled_garden_2, layout_basic, serial_shops,
          nicolae_shop_tiny_glass, hellmonk_ecumenical_altar_watching_god,
          minmay_pentomino_p4
D:2:      layout_rooms
D:3:      layout_basic, nicolae_qazlal_eye_of_the_storm, minitemple,
          serial_shops, shop, minmay_randomly_rotated_circles, uniq_sigmund,
          uniq_grinder, uniq_jessica
D:4:      layout_gridville, mainiacjoe_overflow_boulevard,
          minmay_temple_entry_drinking_statues, minmay_ruptured, uniq_eustachio

Skill      XL: |  1  2  3  4  5  6 |
---------------+-------------------+-----
Ranged Weapons | 6 7 9 |  9.9
Fighting       | 2 |  2.0
Dodging        | |  2.4
Stealth        | |  1.2

Action                     |  1- 3 |  4- 6 || total
---------------------------+-------+-------++-------
   Fire: Shortbow          |    79 |    97 ||   176
    Use: Scroll            |     3 |       ||     3
 Armour: Leather armour    |     8 |       ||     8
         Ring mail         |    16 |    41 ||    57
  Dodge: Dodged            |    30 |    50 ||    80

Table legend:
 A = Non-vault XP
 B = Vault XP
 C = Vault XP percentage of total XP
 D = Non-vault monster count
 E = Vault monster count
 F = Vault count percentage of total count
                 A         B        C        D         E       F
            +---------+---------+-------+---------+---------+-------
      Total |     218 |     285 |  56.7 |      43 |       5 |  10.4
            +---------+---------+-------+---------+---------+-------
        D:1 |      33 |       8 |  19.5 |      18 |       4 |  18.2
        D:2 |      69 |       0 |   0.0 |      15 |       0 |   0.0
        D:3 |     116 |     277 |  70.5 |      10 |       1 |   9.1
            +---------+---------+-------+---------+---------+-------
